AoeStats
← Michi3052

Arabia

503658283Analyzed
1v1 RM · 1mo ago on Sep 1, 2026· 34m 13s· 2 players
Game mode
Random Map
Map size
Tiny (2 player)
Population
200
Speed
Normal
Resources
Standard
Victory
Conquest
Starting age
Dark Age
Ending age
Imperial Age
RankedLock teamsTeams togetherTeam positionsShared explorationLock speedFull tech treeHidden civsTurbo modeCheats
Victory
Defeat
🇦🇷 Mongols · Argentina
774
+15
🇪🇸 Italians · Spain
750
-15
Michi3052
2:33 Loom
4:23 Loom
11:22 Feudal Age
15:21 Double-Bit Axe
19:47 Wheelbarrow
21:41 Castle Age
21:29 Stone Mining
24:52 Hand Cart
27:32 Town Watch
28:53 Padded Archer Armor
28:45 Fletching
31:16 Horse Collar
31:35 Gold Mining
danigomezrinaldi
8:54 Loom
11:16 Feudal Age
16:42 Castle Age
14:39 Double-Bit Axe
16:49 Gold Mining
17:55 Bow Saw
23:45 Stone Mining
23:44 Horse Collar
24:50 Wheelbarrow
26:42 Heavy Plow
27:36 Hand Cart
30:17 Imperial Age
29:14 Gold Shaft Mining
28:59 Town Watch
29:44 Bloodlines
29:34 Husbandry
30:28 Cavalier
33:11 Scale Barding Armor
33:16 Forging
34:57 Conscription
Connection lost

Rejoining the realm…

Still unreachable

The connection could not be restored.

Session expired

The server has moved on; the page needs a fresh start.